Map: Deathaura LE

Players

GOStephano (Stephano)

  • Race: Zerg Zerg
  • League: Grandmaster
  • Spawn Location: 5:00

PtitDrogo - Winner!

  • Race: Protoss Protoss
  • Spawn Location: 11:00

Event: DreamHack SC2 Masters 2020 Winter

VOD

Have the link to the VOD?

Description

Time

  • Played on: Oct. 25, 2020, 2:15 p.m.
  • Length: 13:00

All games in this series

Show
View Real Time Build Order
Export as new Build Order

GOStephano Zerg 

Build Orders: Hatch First, Lurkers, Roach Hydra 

Get SALT Encoding   

  12  0:00  Drone  
  13  0:12  Overlord  
  13  0:17  Drone  
  14  0:30  Drone x2  
  16  0:47  Hatchery  
  15  0:51  Drone  
  15  0:54  Drone  
  17  0:58  Drone  
  18  1:09  Extractor  
  17  1:13  Spawning Pool  
  17  1:15  Drone  
  17  1:19  Drone  
  18  1:28  Drone  
  19  1:39  Drone  
  20  1:49  Drone  
  21  1:59  Queen x2  
  21  2:00  Zergling x4  
  27  2:10  Drone  
  27  2:11  Overlord  
  28  2:19  Metabolic Boost  
  28  2:27  Hatchery  
  28  2:28  Drone  
  28  2:30  Drone  
  28  2:33  Drone  
  30  2:41  Queen  
  32  2:46  Drone  
  32  2:47  Overlord  
  32  2:56  Zergling x4  
  32  2:58  Drone  
  35  3:09  Drone x2  
  35  3:10  Drone x3  
  35  3:11  Drone  
  41  3:17  Queen  
  41  3:19  Overlord  
  43  3:26  Spore Crawler  
  42  3:27  Drone  
  43  3:38  Drone x7  
  50  3:47  Spore Crawler  
  50  3:48  Drone  
  50  3:52  Overlord  
  50  3:55  Drone x2  
  52  3:58  Queen  
  52  4:00  Drone  
  52  4:01  Spore Crawler  
  52  4:02  Drone x2  
  56  4:07  Overlord  
  56  4:08  Drone  
  56  4:09  Drone  
  58  4:12  Drone x2  
  58  4:16  Drone x2  
  62  4:28  Overlord  
  62  4:33  Drone x2  
  62  4:34  Drone  
  62  4:35  Drone x4  
  62  4:37  Lair  
  65  4:46  Overlord  
  65  4:47  Overlord  
  65  4:48  Overlord  
  65  4:51  Evolution Chamber, Drone, Extractor  
  65  4:52  Extractor  
  63  4:59  Drone x6  
  65  5:00  Drone x2  
  65  5:01  Drone  
  65  5:06  Drone x2  
  70  5:07  Drone x2  
  70  5:08  Roach Warren  
  71  5:17  Drone x2  
  71  5:19  Overlord  
  71  5:21  Hatchery  
  72  5:22  Drone x2  
  72  5:23  Drone x2  
  72  5:24  Overlord  
  76  5:29  Overlord  
  76  5:32  Extractor x2  
  74  5:37  Overlord  
  74  5:38  Overlord  
  75  5:42  Drone x2  
  75  5:43  Drone x2, Queen, Hatchery  
  78  5:50  Drone x3, Zerg Missile Weapons Level 1, Glial Reconstitution  
  78  5:53  Evolution Chamber  
  80  5:59  Overlord  
  80  6:15  Overlord  
  80  6:18  Zerg Ground Armor Level 1  
  80  6:19  Hydralisk Den  
  80  6:24  Overlord  
  79  6:27  Roach x6  
  79  6:30  Overlord  
  79  6:31  Overlord  
  91  6:34  Pneumatized Carapace  
  91  6:37  Drone  
  91  6:40  Drone x3, Extractor  
  91  6:43  Drone x3  
  93  6:50  Muscular Augments  
  93  6:51  Drone x6, Spore Crawler  
  98  7:09  Drone  
  98  7:11  Drone x10  
  98  7:13  Spore Crawler  
  107  7:18  Drone x2, Queen  
  107  7:22  Extractor  
  108  7:23  Extractor  
  108  7:25  Infestation Pit  
  108  7:29  Hydralisk x7  
  120  7:37  Infestation Pit  
  119  7:38  Lurker Den, Hydralisk x2  
  119  7:39  Zergling x2  
  119  7:40  Hatchery  
  119  7:44  Queen  
  123  7:47  Zerg Missile Weapons Level 2  
  123  7:48  Hydralisk x4  
  123  7:50  Overseer  
  133  7:53  Roach  
  133  7:54  Roach  
  133  7:55  Zergling x16  
  145  7:59  Hydralisk  
  145  8:01  Grooved Spines  
  145  8:03  Hydralisk x2  
  151  8:08  Zergling x12  
  157  8:17  Hydralisk x4  
  164  8:25  Hydralisk x3  
  170  8:31  Hydralisk x2  
  160  8:35  Hydralisk x2  
  139  8:44  Hydralisk x3  
  128  8:50  Roach x3  
  121  8:56  Roach x4  
  121  9:03  Hydralisk x2  
  121  9:08  Roach x4  
  126  9:13  Roach x3  
  122  9:19  Hydralisk x2  
  108  9:26  Queen, Roach x4  
  117  9:31  Queen, Roach  
  117  9:32  Roach  
  117  9:35  Zergling x6  
  120  9:44  Drone x5  
  120  9:49  Hive  
  116  9:53  Drone x4  
  116  9:59  Overseer  
  120  10:06  Hatchery  
  119  10:09  Extractor  
  119  10:10  Extractor, Overlord  
  119  10:12  Lurker x4  
  121  10:15  Drone x3  
  121  10:18  Drone x4  
  121  10:19  Drone  
  121  10:20  Drone  
  130  10:27  Zerg Ground Armor Level 2  
  130  10:28  Hydralisk x2  
  132  10:32  Hydralisk  
  132  10:34  Hydralisk  
  138  10:38  Hydralisk  
  138  10:39  Hydralisk  
  138  10:41  Zergling x2  
  138  10:42  Zergling x12  
  149  10:47  Overlord  
  149  10:51  Hydralisk x4  
  157  10:57  Overseer  
  157  11:02  Seismic Spines  
  157  11:06  Hydralisk x2  
  157  11:07  Hydralisk  
  160  11:18  Lurker x2  
  160  11:20  Zergling x26  
  174  11:30  Extractor  
  173  11:34  Hydralisk  
  173  11:35  Extractor, Hydralisk x3  
  180  11:47  Hydralisk x4  
  181  11:56  Hydralisk x4  
  181  12:03  Hydralisk x3  
  170  12:18  Hydralisk x5  
  170  12:21  Hydralisk  
  140  12:23  Zergling x2  
  140  12:24  Zergling x30  
  150  12:35  Hydralisk x4  
  146  12:38  Zergling x2  
Show
View Real Time Build Order
Export as new Build Order

PtitDrogo Protoss - Winner!

Build Orders: 1 Gate Expand, Oracle Opening, Archon Immortal, Carriers 

Get SALT Encoding   

  12  0:00  Probe  
  13  0:12  Probe  
  14  0:18  Pylon  
  14  0:24  Probe (Chrono Boost)  
  14  0:28  Assimilator  
  15  0:36  Probe (Chrono Boost)  
  16  0:45  Probe (Chrono Boost)  
  16  0:46  Gateway  
  17  0:51  Probe  
  18  1:03  Probe  
  19  1:15  Probe  
  20  1:23  Nexus  
  20  1:33  Cybernetics Core  
  20  1:37  Probe  
  21  1:42  Assimilator  
  21  1:49  Probe  
  21  1:50  Pylon  
  22  2:01  Probe  
  23  2:07  Adept (Chrono Boost)  
  23  2:09  Warp Gate  
  23  2:13  Probe  
  26  2:18  Stargate  
  26  2:25  Probe (Chrono Boost)  
  26  2:27  Adept (Chrono Boost)  
  29  2:36  Probe (Chrono Boost)  
  30  2:43  Probe (Chrono Boost)  
  31  2:45  Probe (Chrono Boost)  
  31  2:50  Probe (Chrono Boost)  
  31  2:51  Probe (Chrono Boost)  
  33  2:52  Stalker  
  36  3:01  Probe  
  36  3:03  Probe, Oracle (Chrono Boost)  
  38  3:09  Pylon  
  41  3:13  Probe  
  41  3:15  Probe  
  41  3:19  Gateway  
  43  3:25  Probe  
  44  3:28  Probe  
  44  3:32  Oracle (Chrono Boost)  
  48  3:38  Probe  
  48  3:40  Pylon, Probe  
  50  3:50  Nexus  
  50  3:56  Probe  
  50  3:58  Shield Battery, Void Ray (Chrono Boost)  
  50  4:00  Probe  
  52  4:08  Probe  
  57  4:12  Probe  
  57  4:13  Pylon  
  57  4:14  Assimilator  
  57  4:16  Assimilator  
  58  4:20  Probe  
  59  4:24  Probe  
  59  4:27  Robotics Facility  
  60  4:32  Probe  
  60  4:36  Probe  
  62  4:44  Forge, Twilight Council, Probe  
  63  4:48  Probe  
  63  4:49  Gateway  
  64  4:59  Probe (Chrono Boost)  
  65  5:01  Probe (Chrono Boost)  
  65  5:02  Gateway, Probe (Chrono Boost)  
  65  5:05  Sentry  
  65  5:06  Zealot  
  71  5:12  Probe x2 (Chrono Boost)  
  71  5:13  Probe (Chrono Boost)  
  74  5:15  Observer  
  74  5:16  Probe (Chrono Boost)  
  74  5:17  Pylon  
  74  5:18  Probe (Chrono Boost)  
  74  5:19  Protoss Ground Weapons Level 1 (Chrono Boost)  
  74  5:20  Charge  
  74  5:21  Probe (Chrono Boost)  
  79  5:32  Probe (Chrono Boost)  
  79  5:33  Probe (Chrono Boost)  
  79  5:34  Probe (Chrono Boost)  
  81  5:39  Probe (Chrono Boost)  
  81  5:40  Probe x2 (Chrono Boost)  
  84  5:44  Immortal (Chrono Boost)  
  88  5:50  Assimilator, Probe  
  88  5:51  Pylon, Probe  
  88  5:52  Probe  
  88  5:53  Assimilator  
  88  5:55  Templar Archives  
  88  5:56  Gateway  
  91  5:57  Gateway  
  91  5:58  Gateway  
  91  6:00  Pylon  
  91  6:03  Probe  
  92  6:09  Probe  
  93  6:11  Gateway  
  93  6:13  Observer  
  93  6:21  Warp Prism  
  93  6:24  Gateway  
  95  6:26  Psionic Storm  
  95  6:30  Zealot x4  
  103  6:32  Photon Cannon  
  103  6:36  Pylon  
  103  6:40  Nexus  
  103  6:48  Probe  
  103  6:49  Probe  
  103  6:52  Pylon  
  103  6:53  High Templar x2  
  103  6:54  High Templar x3  
  115  6:55  Pylon, Probe  
  115  6:59  Pylon  
  116  7:08  Probe  
  117  7:10  Probe  
  117  7:13  Immortal  
  122  7:19  Probe  
  122  7:20  Probe  
  121  7:23  Assimilator, High Templar x2  
  121  7:24  Zealot x2  
  121  7:25  Assimilator  
  121  7:26  Protoss Ground Weapons Level 2 (Chrono Boost)  
  121  7:28  Archon  
  129  7:35  Zealot x5  
  139  7:37  Pylon  
  139  7:42  Probe x2  
  141  7:50  Pylon x2  
  141  7:52  Probe  
  141  7:54  Photon Cannon, Probe  
  143  7:59  High Templar x3  
  143  8:00  High Templar  
  143  8:01  Zealot x5  
  161  8:06  Archon x2  
  161  8:10  Observer (Chrono Boost)  
  159  8:23  Zealot x2  
  163  8:30  Zealot x3  
  147  8:34  Archon  
  147  8:35  Archon, Zealot x4  
  141  8:41  Pylon  
  141  8:44  Zealot x2  
  133  8:52  Immortal  
  127  8:55  Zealot x7  
  131  9:08  Zealot x2  
  131  9:09  Probe  
  132  9:16  Zealot x7  
  135  9:22  Stargate  
  135  9:23  Fleet Beacon, Stargate  
  115  9:25  Probe  
  112  9:31  Immortal (Chrono Boost)  
  112  9:36  High Templar x7  
  112  9:37  High Templar  
  126  9:38  Probe  
  117  9:53  Zealot  
  119  10:00  Nexus  
  119  10:03  Photon Cannon, Pylon  
  119  10:06  Immortal (Chrono Boost)  
  123  10:09  Zealot x3  
  123  10:10  Carrier x2 (Chrono Boost)  
  123  10:11  Carrier (Chrono Boost)  
  147  10:23  Pylon  
  147  10:31  Protoss Air Weapons Level 1 (Chrono Boost)  
  151  10:44  Photon Cannon, Shield Battery  
  151  10:51  Assimilator  
  151  10:52  High Templar x2  
  151  10:53  Assimilator, Zealot x2  
  151  10:56  Photon Cannon  
  159  10:57  Photon Cannon, Archon  
  159  11:01  Carrier (Chrono Boost)  
  165  11:05  Carrier (Chrono Boost)  
  159  11:22  Carrier (Chrono Boost)  
  165  11:27  Zealot x3  
  165  11:28  Zealot x6  
  183  11:59  Carrier (Chrono Boost)  
  187  12:01  Carrier (Chrono Boost)  
  177  12:12  Nexus  
  177  12:13  Pylon  
  177  12:20  Archon  
  158  12:23  Observer  
  153  12:42  Zealot x5  
  153  12:43  Zealot  
  165  12:44  Photon Cannon  
  165  12:45  Photon Cannon  
  165  12:47  Shield Battery  
Tags
 
Add a new tag
Caveats
  • Supply blocks, unpowered buildings, or Contaminate may cause inaccurate times.
  • Supply counts are checked every 10 seconds.